 Dungeon Crawl Stone Soup version 0.13.1-28-g3517093 (webtiles) character file.

2252 CrazyArbalest the Bolt Thrower (level 8, 0/57 HPs)
             Began as a Demonspawn Hunter on Mar 10, 2014.
             Was a Follower of Okawaru.
             Slain by a soldier ant (9 damage)
             ... on Level 6 of the Dungeon.
             The game lasted 00:35:10 (5741 turns).

CrazyArbalest the Bolt Thrower (Demonspawn Hunter)  Turns: 5741, Time: 00:35:12

HP   0/57        AC  5     Str 14      XL: 8   Next: 87%
MP   0/7         EV 13     Int 13      God: Okawaru [*.....]
Gold 414         SH  0     Dex 14      Spells:  0 memorised,  7 levels left

Res.Fire  : . . .   See Invis. : .   b - +1 crossbow
Res.Cold  : . . .   Warding    : .   u - +0 orc leather armour
Life Prot.: . . .   Conserve   : .   (no shield)
Res.Poison: .       Res.Corr.  : .   B - +1 wizard hat
Res.Elec. : .       Clarity    : .   (no cloak)
Sust.Abil.: . .     Spirit.Shd : +   q - +0 pair of gauntlets
Res.Mut.  : .       Stasis     : .   (no boots)
Res.Rott. : .       Flight     : .   (no amulet)
Saprovore : . . .                    (no ring)
                                     (no ring)

@: very poisoned, slightly resistant to hostile enchantments, unstealthy
A: powered by death 1, magic shield
a: Heroism, Renounce Religion


You were on level 6 of the Dungeon.
You worshipped Okawaru.
Okawaru was aware of your devotion.
You were hungry.

You visited 2 branches of the dungeon, and saw 7 of its levels.

You collected 394 gold pieces.

Inventory:

Hand weapons
 a - a +1,+0 flail
 b - a +1,+1 crossbow (weapon)
 d - a +2,+2 orcish whip
 i - a +0,+0 whip
 p - a +0,+0 mace
 S - a +0,+0 mace
 V - a +0,+0 whip
Missiles
 c - 5 bolts (quivered)
 I - 20 bolts of frost
Armour
 q - a +0 pair of gauntlets (worn)
 t - a +0 orcish ring mail
 u - a +0 orcish leather armour (worn)
 v - a +0 animal skin
 B - a +1 wizard hat (worn)
 K - a +3 leather armour
 L - a cursed +0 pair of boots
 N - a +2 orcish leather armour
 T - a +0 leather armour
Magical devices
 n - a wand of frost (6)
Comestibles
 f - 5 bread rations
 O - a pear
Scrolls
 e - 2 scrolls of curse weapon {unknown}
 g - 6 scrolls of identify {unknown}
 j - 3 scrolls of enchant weapon II {unknown}
 k - 2 scrolls of amnesia {unknown}
 l - 5 scrolls of remove curse {unknown}
 m - 2 scrolls of fear {unknown}
 o - 2 scrolls of blinking {unknown}
 w - 2 scrolls of teleportation {unknown}
 y - a scroll of noise {unknown}
 A - 2 scrolls of random uselessness {unknown}
 C - 2 scrolls of enchant weapon I {unknown}
 G - 2 scrolls of enchant armour {unknown}
Jewellery
 h - an uncursed ring of protection from cold {unknown}
 r - a +4 ring of dexterity {unknown}
 E - an uncursed ring of fire {unknown}
Potions
 s - a potion of beneficial mutation {unknown}
 x - a potion of resistance {unknown}
 D - a potion of restore abilities
 F - a potion of poison {unknown}
 H - 2 potions of porridge {unknown}
 J - a potion of brilliance {unknown}
 M - a potion of slowing {unknown}
 P - a potion of magic {unknown}
 Q - a potion of speed {unknown}
 R - a potion of curing
Miscellaneous
 z - a plain deck of changes


   Skills:
 + Level 2.6 Fighting
 * Level 4.6 Maces & Flails
 + Level 7.4 Crossbows
 + Level 3.3 Armour
 + Level 5.1 Dodging
 + Level 1.7 Stealth


You had 7 spell levels left.
You didn't know any spells.

Dungeon Overview and Level Annotations

Branches:
Dungeon (6/27)             Temple (1/1) D:5
    Orc: D:6-11

Altars:
Cheibriados
Fedhas
Kikubaaqudgha
Makhleb
Nemelex Xobeh
Okawaru
Sif Muna
Xom
the Shining One

Annotations:
D:5 Prince Ribbit


Innate Abilities, Weirdness & Mutations

You can steal the life force of nearby defeated enemies.
When hurt, damage is shared between your health and your magic reserves.


Message History

You shoot a bolt. The bolt hits the soldier ant.
The soldier ant is severely wounded.
You feel less regenerative.
* * * LOW HITPOINT WARNING * * *
You feel sick.
The giant centipede stings you but does no damage.
The giant centipede stings you.
* * * LOW HITPOINT WARNING * * *
You are more poisoned.
The giant centipede poisons you! The soldier ant misses you.
Firing (i - inventory. (,) - cycle):
c - 6 bolts (quivered)
Press: ? - help, Shift-Dir - straight line, f/p - soldier ant
Aim: a soldier ant (severely wounded)
You shoot a bolt. The bolt hits the soldier ant.
The soldier ant is almost dead.
* * * LOW HITPOINT WARNING * * *
You feel very sick.
The giant centipede stings you but does no damage.
The soldier ant stings you!
You die...

....#.#
#....#######....#######
....#.# #....#.sss.#....#
#####.# #....+.sskBB....# #.#
#....#bs.sa#....# #.#
#....#######....# #.###
#....s..........# #...#
#...............#
#...##########B##############
#..........a@sB....%..((((((.
#...#########################
#...# #####


You could see 2 goliath beetles, a soldier ant and a giant centipede.

Vanquished Creatures
  Grinder (D:3)
  Menkaure (D:6)
  A sky beast (D:6)
  2 ice beasts
  A centaur (D:5)
  3 ogres
  A phantom (D:6)
  2 giant frogs
  A water moccasin (D:5)
  A killer bee (D:6)
  A crimson imp (D:6)
  2 iguanas (D:4)
  3 orc wizards
  6 worker ants
  An ogre skeleton (D:5)
  11 adders
  4 gnolls (D:3)
  2 giant centipedes (D:6)
  2 worms
  3 giant geckos
  6 orcs
  A ball python (D:1)
  8 giant cockroaches
  8 hobgoblins
  11 jackals (D:1)
  2 quokkas
  12 bats
  A giant newt (D:2)
  10 goblins
  12 kobolds
  13 rats
133 creatures vanquished.

Notes
Turn   | Place    | Note
--------------------------------------------------------------
     0 | D:1      | CrazyArbalest, the Demonspawn Hunter, began the quest for the Orb.
     0 | D:1      | Reached XP level 1. HP: 16/16 MP: 0/0
    60 | D:1      | Reached skill level 4 in Crossbows
    62 | D:1      | Gained mutation: You can steal the life force of nearby defeated enemies. [demonic ancestry]
    62 | D:1      | Reached XP level 2. HP: 16/22 MP: 1/1
   249 | D:1      | Reached skill level 1 in Stealth
   440 | D:1      | Reached XP level 3. HP: 24/27 MP: 2/2
  1010 | D:2      | Reached skill level 1 in Maces & Flails
  1010 | D:2      | Reached XP level 4. HP: 22/33 MP: 3/3
  1180 | D:2      | Reached skill level 1 in Armour
  1311 | D:2      | Found a sparkling altar of Nemelex Xobeh.
  1498 | D:2      | Found a burning altar of Makhleb.
  1498 | D:2      | Found an ancient bone altar of Kikubaaqudgha.
  2043 | D:3      | Found a shimmering altar of Xom.
  2043 | D:3      | Found a snail-covered altar of Cheibriados.
  2170 | D:3      | Gained mutation: When hurt, damage is shared between your health and your magic reserves. [demonic ancestry]
  2170 | D:3      | Reached XP level 5. HP: 38/38 MP: 4/4
  2263 | D:3      | Noticed an ogre
  2273 | D:3      | Killed an ogre
  2403 | D:3      | Noticed Grinder
  2409 | D:3      | Paralysed by Grinder for 5 turns
  2427 | D:3      | Killed Grinder
  2427 | D:3      | Reached skill level 5 in Crossbows
  2427 | D:3      | Reached XP level 6. HP: 35/45 MP: 3/5
  2974 | D:4      | Reached XP level 7. HP: 30/50 MP: 4/6
  3594 | D:5      | Entered Level 5 of the Dungeon
  3860 | D:5      | Found a deep blue altar of Sif Muna.
  4136 | D:5      | Reached skill level 6 in Crossbows
  4208 | D:5      | Noticed Prince Ribbit
  4216 | D:5      | HP: 2/50 [Prince Ribbit (10)]
  4235 | D:5      | Found a staircase to the Ecumenical Temple.
  4305 | Temple   | Entered the Ecumenical Temple
  4329 | Temple   | Became a worshipper of Warmaster Okawaru
  4384 | D:5      | Reached XP level 8. HP: 25/57 MP: 2/7
  4410 | D:5      | Noticed a hill giant
  5380 | D:6      | Noticed Menkaure
  5388 | D:6      | Killed Menkaure
  5388 | D:6      | Reached skill level 7 in Crossbows
  5433 | D:6      | Reached skill level 5 in Dodging
  5480 | D:6      | Acquired Okawaru's first power
  5741 | D:6      | Slain by a soldier ant

Action                   |  1- 3 |  4- 6 |  7- 9 || total
-------------------------+-------+-------+-------++-------
Melee: Mace              |   129 |    99 |       ||   228
       Short sword       |    33 |       |       ||    33
       Flail             |       |       |   115 ||   115
 Fire: Crossbow          |    16 |    47 |   127 ||   190
Invok: Heroism           |       |       |     1 ||     1
Evoke: Wand              |       |       |     1 ||     1
  Use: Potion            |       |     4 |     3 ||     7
 Stab: Sleeping          |     1 |       |       ||     1
